 Dungeon Sprint DCSS version 0.21-a0-104-g7b58145 (webtiles) character file.

51839 Kidiri the Imperceptible (level 14, -4/76 HPs)
             Began as a Spriggan Enchanter on July 5, 2017.
             Was the Champion of Dithmenos.
             Slain by a freezing wraith (15 damage)
             ... summoned by Murray
             ... in the Dungeon (Sprint II: "The Violet Keep of Menkaure").
             The game lasted 00:37:46 (4883 turns).

Kidiri the Imperceptible (Spriggan Enchanter)       Turns: 4883, Time: 00:37:47

Health: -4/76      AC:  9    Str: 12    XL:     14   Next: 24%
Magic:  3/30       EV: 38    Int: 25    God:    Dithmenos [******]
Gold:   3300       SH:  0    Dex: 23    Spells: 32/50 levels left

rFire    + + .     SeeInvis +   K - +2 short sword of Darkness {drain, *Slow +Blink Str+8}
rCold    . . .     Gourm    .   (shield restricted)
rNeg     . . .     Faith    .   h - +2 robe {MR+}
rPois    +         Spirit   .   m - +2 hat
rElec    +         Reflect  .   b - +1 cloak
rCorr    +         Harm     .   (gloves unavailable)
MR       ++++.     NoTele   +   (boots unavailable)
Stlth    ++++++++++             F - amulet of magic regeneration
HPRegen  0.22/turn              C - ring of poison resistance
MPRegen  0.47/turn              G - ring "Bamoerch" {Fire *Slow Int+6 Dex+6}

@: resistant, weakened, very slightly contaminated, hasted and slowed, wreathed
by umbra, drained, invisible, very quick
A: unfitting armour, horns 1, see invisible, clumsy 1, herbivore 3, speed 3, low
mp 2, magic resistance 1, screaming 2, slow metabolism 2, evolution 1, sturdy
frame 1
a: Shadow Step, Shadow Form, Renounce Religion, Evoke Blink


You were in the Dungeon.
You worshipped Dithmenos.
Dithmenos was exalted by your worship.
You were not hungry.

You visited 1 branch You collected 4826 gold pieces.
You spent 1526 gold pieces at shops.

Inventory:

Hand Weapons
 a - a +7 rapier of speed
 I - the +6 hand axe "Ifogo" {drain, Int+6}
   (You found it in the Dungeon)

   A truly terrible weapon, it drains the life of those it strikes.
   It affects your intelligence (+6).
 J - the +3 war axe of Infinity {elec, Str+3}
   (You found it in the Dungeon)

   Occasionally, upon striking a foe, it will discharge some electrical energy
   and cause terrible harm.
   It affects your strength (+3).
 K - the +2 short sword of Darkness (weapon) {drain, *Slow +Blink Str+8}
   (You found it in the Dungeon)

   A truly terrible weapon, it drains the life of those it strikes.
   It affects your strength (+8).
   It lets you blink.
   It may slow you when you take damage.
Missiles
 w - 5 throwing nets (quivered)
Armour
 b - a +1 cloak (worn)
 h - a +2 robe of magic resistance (worn)
 m - a +2 hat (worn)
 y - +0 steam dragon scales
 L - a +0 hat of magic resistance
 M - a +0 buckler
Jewellery
 e - an uncursed amulet of faith
 f - an uncursed ring of positive energy
 l - an uncursed ring of stealth
 o - a +5 ring of strength
 s - the amulet of Ofakauce {Inacc +Blink rN+}
   (You found it in the Dungeon)

   [amulet of inaccuracy]

   It reduces the accuracy of all your attacks.
   It protects you from negative energy.
   It lets you blink.
 C - a ring of poison resistance (left hand)
 D - an uncursed ring of protection from fire
 F - an amulet of magic regeneration (around neck)
 G - the ring "Bamoerch" (right hand) {Fire *Slow Int+6 Dex+6}
   (You found it in the Dungeon)

   [ring of fire]

   It enhances your fire magic.
   It affects your intelligence (+6).
   It affects your dexterity (+6).
   It protects you from fire.
   It makes you vulnerable to cold.
   It may slow you when you take damage.
 N - an uncursed ring of wizardry {unknown}
Scrolls
 i - 2 scrolls of fog
 j - 3 scrolls of blinking
 p - a scroll of remove curse
 q - a scroll of amnesia {unknown}
 B - 2 scrolls of fear
Potions
 g - 6 potions of haste
 k - 2 potions of resistance
 n - 34 potions of mutation
 r - 3 potions of flight
 x - 30 potions of magic
 A - 2 potions of cancellation
Books
 c - a book of Maledictions

   Spells                             Type                      Level
   a - Corona                         Hexes                        1
   b - Ensorcelled Hibernation        Hexes/Ice                    2
   c - Confuse                        Hexes                        3
   d - Tukima's Dance                 Hexes                        3
   e - Dazzling Spray                 Conjuration/Hexes            3
 u - a book of Minor Magic

   Spells                             Type                      Level
   a - Magic Dart                     Conjuration                  1
   b - Blink                          Translocation                2
   c - Call Imp                       Summoning                    2
   d - Slow                           Hexes                        2
   e - Conjure Flame                  Conjuration/Fire             3
   f - Mephitic Cloud                 Conjuration/Poison/Air       3
 v - a book of the Earth

   Spells                             Type                      Level
   a - Leda's Liquefaction            Hexes/Earth                  4
   b - Bolt of Magma                  Conjuration/Fire/Earth       5
   c - Statue Form                    Transmutation/Earth          6
   d - Iron Shot                      Conjuration/Earth            6
   e - Shatter                        Earth                        9
 E - Roxanne's Collected Works on Clay
   (You took it off Roxanne in the Dungeon)

   Spells                             Type                      Level
   a - Sandblast                      Earth                        1
   b - Passwall                       Transmutation/Earth          2
   c - Petrify                        Transmutation/Earth          4
   d - Lee's Rapid Deconstruction     Earth                        5
   e - Statue Form                    Transmutation/Earth          6
 H - a book of Spatial Translocations

   Spells                             Type                      Level
   a - Blink                          Translocation                2
   b - Shroud of Golubria             Charms/Translocation         2
   c - Lesser Beckoning               Translocation                3
   d - Gell's Gravitas                Translocation                3
   e - Teleport Other                 Translocation                3
   f - Passage of Golubria            Translocation                4
 O - the Papyrus of Shifting Augmentations
   (You found it in the Dungeon)

   Spells                             Type                      Level
   a - Infusion                       Charms                       1
   b - Beastly Appendage              Transmutation                1
   c - Ozocubu's Armour               Charms/Ice                   3
   d - Blade Hands                    Transmutation                5
Comestibles
 d - 3 bread rations


   Skills:
 + Level 9.8(9.6) Fighting
 * Level 17.1(16.9) Short Blades
 + Level 9.2(9.0) Armour
 * Level 21.3(21.1) Dodging
 * Level 23.0(22.9) Stealth
 * Level 18.5(18.4) Spellcasting
 * Level 6.0(5.9) Conjurations
 + Level 14.2(14.0) Hexes
 * Level 7.3(7.2) Earth Magic
 - Level 8.4(8.3) Invocations
 + Level 6.0(5.9) Evocations


You had 32 spell levels left.
You knew the following spells:

 Your Spells              Type           Power        Failure   Level  Hunger
a - Corona                Hex            #######      0%          1    None
b - Ensorcelled Hibernat  Hex/Ice        ######       1%          2    None
c - Confuse               Hex            #######.     1%          3    None
d - Tukima's Dance        Hex            #######.     1%          3    None
e - Dazzling Spray        Conj/Hex       ######       1%          3    None
f - Iron Shot             Conj/Erth      ######....   22%         6    ###....


Dungeon Overview and Level Annotations

Branches:
Dungeon (1/1)

Altars:
Cheibriados
Dithmenos
Elyvilon
Fedhas
Gozag
Hepliaklqana
Kikubaaqudgha
Makhleb
Nemelex Xobeh
Okawaru
Qazlal
Ru
Sif Muna
Trog
Uskayaw
Vehumet
Wu Jian
Xom
Yredelemnul
Zin
The Shining One
Beogh
Jiyva
Lugonu

Shops:
D ![:%:=!%[[(%[}?(=::

Annotations:
D exclusions: oklob plant and orange crystal statue, Murray


Innate Abilities, Weirdness & Mutations

You are very small and have problems with some larger weapons.
You are too small for most types of armour.
You have supernaturally acute eyesight. (SInv)
You are a herbivore.
You cover ground extremely quickly.
You need consume almost no food.
You have a pair of small horns on your head.
You are clumsy. (Dex -2)
Your magical capacity is very low. (-20% MP)
You are resistant to hostile enchantments. (MR+)
You sometimes yell uncontrollably at your foes.
You evolve.
Your movements are slightly less encumbered by armour. (ER -2)


Message History

Murray rattles his jaw.
Unknown command.
You hit Murray but do no damage. You headbutt Murray, but do no damage.
Murray is moderately damaged.
Your shadow hits Murray but does no damage.
The freezing wraith misses you.
The freezing wraith completely misses you.
Unknown command.
You hit Murray but do no damage. You headbutt Murray, but do no damage.
Murray is moderately damaged.
Your shadow hits Murray but does no damage.
Murray rattles his jaw.
Unknown command.
You closely miss Murray.
Murray is moderately damaged.
Your shadow hits Murray but does no damage.
The freezing wraith hits you.
* * * LOW HITPOINT WARNING * * *
The freezing wraith freezes you!
You die...

###### #[..[#
******▓▓▓▓▓▓▓▓▓▓▓▓▓▓▓▓▓▓▓▓
#[...##▓,,,,,+...'..♣♣.....♣♣.[^.
.(..%..▓,,,,,▓...▓.♣♣..♣..^♣♣...♣
.......▓,,,,,▓Z▓▓▓.♣♣..♣♣..♣♣..♣♣
⌠?...#+▓▓*,,,▓ZzW▓.♣♣^.♣♣..♣...♣♣
#....#..▓▓▓+▓▓▓▓z▓.♣...♣♣......♣♣
##++##...+§.§▓WW@▓.....▓▓▓▓▓▓▓▓▓▓
#≈...###.#..§▓▓▓▓▓▓▓▓▓▓▓▓▓▓▓▓▓...
.≈^....#.#.§.▓≈≈§≈§≈§§▓▓▓....▓.'§
###....#.##§|▓▓▓▓▓▓▓▓▓▓▓▓'▓▓.▓.'§
..+...(#..#)|▓..).(..(▓▓.).▓.▓.§≈
..####.#..#"=▓.)...)..▓▓.⌠.▓.▓.'≈
###..+.##.#}[▓!).....[▓▓..)▓.▓.§§
..#..#...####▓%.).)..[▓▓...▓^▓.'≈
..#####..##.#▓.....).)▓▓...▓.▓.'§


You could see Murray, a freezing wraith, 2 shadows and a flying skull
(wandering).

Vanquished Creatures
  An electric golem (D)
  A hellephant (D)
  A deep elf blademaster (D)
  A deep elf master archer (D)
  3 quicksilver dragons (D)
  A kraken (D)
  Gastronok (D)
  2 sphinxes (D)
  Roxanne (D)
  A draconian shifter (D)
  A dire elephant (D)
  Nessos (D)
  3 lorocyprocas (D)
  A crystal guardian (D)
  A great orb of eyes (D)
  An iron elemental (D)
  2 hell hogs (D)
  An iron golem (D)
  Sonja (D)
  2 death drakes (D)
  3 sixfirhies (D)
  2 unseen horrors (D)
  An obsidian statue (D)
  A glowing orange brain (D)
  2 deep trolls (D)
  A harpy (D)
  3 orc sorcerers (D)
  3 manticores (D)
  A toenail golem (D)
  12 shining eyes (D)
  An eye of devastation (D)
  A yaktaur (D)
  A hornet (D)
  3 polar bears (D)
  3 slime creatures (D)
  2 hippogriffs (D)
  2 redbacks (D)
  18 flying skulls (D)
  2 wyverns (D)
  3 soldier ants (D)
  10 floating eyes (D)
  2 swamp drakes (D)
  4 necrophages (D)
  4 crocodiles (D)
  2 earth elementals (D)
  A scorpion (D)
  A jelly (D)
  4 worker ants (D)
  3 worms (D)
  A ballistomycete spore (D)
  A tentacle (D)
125 creatures vanquished.

Vanquished Creatures (others)
  Menkaure (D)
  A crocodile (D)
  A ballistomycete spore (D)
  7 tentacles (D)
10 creatures vanquished.

Grand Total: 135 creatures vanquished

Notes
Turn   | Place    | Note
-------+----------+-------------------------------------------
     0 | D        | Kidiri the Spriggan Enchanter began the quest for the Orb.
     0 | D        | Reached XP level 1. HP: 9/9 MP: 5/5
     1 | D        | Noticed a necrophage
     1 | D        | Noticed a necrophage
     1 | D        | Noticed a necrophage
     1 | D        | Noticed a necrophage
     9 | D        | Killed a necrophage
     9 | D        | Reached skill level 1 in Fighting
     9 | D        | Reached skill level 1 in Armour
     9 | D        | Reached skill level 5 in Dodging
     9 | D        | Reached skill level 7 in Stealth
     9 | D        | Reached skill level 5 in Spellcasting
     9 | D        | Reached XP level 2. HP: 15/15 MP: 5/9
     9 | D        | Reached XP level 3. HP: 18/18 MP: 5/10
     9 | D        | Reached XP level 4. HP: 23/23 MP: 6/12
     9 | D        | Killed a crocodile
    16 | D        | Killed a necrophage
    16 | D        | Reached skill level 8 in Stealth
    16 | D        | Reached skill level 5 in Hexes
    16 | D        | Reached XP level 5. HP: 26/26 MP: 6/14
    25 | D        | Killed a necrophage
    25 | D        | Reached skill level 5 in Short Blades
    25 | D        | Reached skill level 9 in Stealth
    29 | D        | Killed a necrophage
    29 | D        | Reached XP level 6. HP: 32/32 MP: 7/17
    44 | D        | Learned a level 2 spell: Ensorcelled Hibernation
    48 | D        | Learned a level 3 spell: Confuse
    52 | D        | Learned a level 3 spell: Tukima's Dance
    56 | D        | Learned a level 3 spell: Dazzling Spray
    90 | D        | Reached skill level 10 in Stealth
   115 | D        | Found Pomihis's Jewellery Shop.
   116 | D        | Found Sofie's Weapon Boutique.
   116 | D        | Found Pataong's Antique Armour Shop.
   116 | D        | Found Hutaoss's Gadget Shop.
   116 | D        | Found Keotzy's Antique Weapon Boutique.
   116 | D        | Found Myezxiod's Food Boutique.
   116 | D        | Found Wigheq's Food Shop.
   116 | D        | Found Goizoc's Antique Armour Shop.
   151 | D        | Noticed an orange crystal statue
   158 | D        | Killed Menkaure
   171 | D        | Noticed a hippogriff
   171 | D        | Noticed a hippogriff
   177 | D        | Killed a hippogriff
   177 | D        | Reached skill level 10 in Dodging
   177 | D        | Reached skill level 11 in Stealth
   177 | D        | Reached XP level 7. HP: 37/37 MP: 17/20
   181 | D        | Killed a hippogriff
   188 | D        | Noticed a flying skull
   188 | D        | Noticed a flying skull
   189 | D        | Noticed a flying skull
   189 | D        | Noticed a flying skull
   189 | D        | Noticed a flying skull
   190 | D        | Noticed a flying skull
   190 | D        | Noticed a flying skull
   190 | D        | Noticed a flying skull
   190 | D        | Noticed a flying skull
   190 | D        | Noticed a flying skull
   190 | D        | Noticed a flying skull
   190 | D        | Noticed a flying skull
   204 | D        | Killed a flying skull
   204 | D        | Reached skill level 12 in Stealth
   204 | D        | Reached XP level 8. HP: 35/42 MP: 4/22
   210 | D        | Killed a flying skull
   220 | D        | Killed a flying skull
   220 | D        | Reached skill level 10 in Spellcasting
   231 | D        | Killed a flying skull
   235 | D        | Killed a flying skull
   235 | D        | Reached skill level 13 in Stealth
   241 | D        | Killed a flying skull
   246 | D        | Killed a flying skull
   250 | D        | Killed a flying skull
   250 | D        | Reached XP level 9. HP: 22/46 MP: 7/24
   258 | D        | Reached skill level 5 in Fighting
   449 | D        | Reached skill level 10 in Short Blades
   449 | D        | Reached skill level 14 in Stealth
   456 | D        | Found Deymut's Magic Scroll Boutique.
   497 | D        | Found Gealuff's Distillery.
   497 | D        | Found Unedghiack's Jewellery Boutique.
   502 | D        | Found Liocseq's Magic Scroll Shop.
   502 | D        | Found Ysecse's Book Boutique.
   502 | D        | Noticed an oklob plant
   503 | D        | Found Aquis's Antique Armour Shop.
   503 | D        | Found Nesategh's Distillery.
   503 | D        | Found Fileusaamp's Book Shoppe.
   526 | D        | Noticed a spiny frog
   531 | D        | Noticed a spiny frog
   547 | D        | Bought a +5 rapier of speed for 546 gold pieces
   557 | D        | Bought a scroll of identify for 20 gold pieces
   621 | D        | Bought a glowing robe for 111 gold pieces
   647 | D        | Bought an embroidered robe for 88 gold pieces
   668 | D        | Bought a cloak for 121 gold pieces
   708 | D        | Found a blossoming altar of Fedhas.
   709 | D        | Found a white marble altar of Elyvilon.
   710 | D        | Found a shadowy altar of Dithmenos.
   710 | D        | Found a corrupted altar of Lugonu.
   710 | D        | Found an opulent altar of Gozag.
   710 | D        | Found a burning altar of Makhleb.
   711 | D        | Found a snail-covered altar of Cheibriados.
   711 | D        | Found an ancient bone altar of Kikubaaqudgha.
   711 | D        | Found a bloodstained altar of Trog.
   712 | D        | Found a roughly hewn altar of Beogh.
   712 | D        | Found a viscous altar of Jiyva.
   712 | D        | Found a deep blue altar of Sif Muna.
   713 | D        | Found a hazy altar of Hepliaklqana.
   713 | D        | Found a sacrificial altar of Ru.
   714 | D        | Found a shimmering altar of Xom.
   715 | D        | Found a stormy altar of Qazlal.
   715 | D        | Found an ornate altar of the Wu Jian Council.
   715 | D        | Found a sparkling altar of Nemelex Xobeh.
   715 | D        | Found a hide-covered altar of Uskayaw.
   715 | D        | Found a basalt altar of Yredelemnul.
   715 | D        | Found a glowing golden altar of the Shining One.
   715 | D        | Noticed a polar bear
   716 | D        | Found a radiant altar of Vehumet.
   716 | D        | Found an iron altar of Okawaru.
   716 | D        | Found a glowing silver altar of Zin.
   716 | D        | Noticed a yaktaur
   719 | D        | Became a worshipper of Dithmenos the Shadowed
   724 | D        | Noticed a polar bear
   729 | D        | Killed a polar bear
   732 | D        | Noticed a polar bear
   736 | D        | Killed a polar bear
   736 | D        | Reached skill level 1 in Invocations
   738 | D        | Reached * piety under Dithmenos
   738 | D        | Reached skill level 5 in Armour
   741 | D        | Killed a yaktaur
   749 | D        | Killed a polar bear
   764 | D        | Noticed a manticore
   764 | D        | Noticed a manticore
   765 | D        | Noticed a manticore
   766 | D        | Killed a manticore
   766 | D        | Reached ** piety under Dithmenos
   766 | D        | Reached skill level 15 in Stealth
   766 | D        | Reached XP level 10. HP: 51/52 MP: 17/27
   768 | D        | Killed a manticore
   773 | D        | Killed a manticore
   912 | D        | Noticed an unseen horror
   913 | D        | Noticed an unseen horror
   914 | D        | Killed an unseen horror
   916 | D        | Killed an unseen horror
   916 | D        | Reached *** piety under Dithmenos
   916 | D        | Reached skill level 16 in Stealth
   928 | D        | Noticed a deep elf master archer
   955 | D        | Noticed a death drake
   967 | D        | Reached **** piety under Dithmenos
   991 | D        | Noticed a kraken
  1115 | D        | Gained mutation: You evolve. [potion of mutation]
  1115 | D        | Gained mutation: You are resistant to hostile enchantments. (MR+) [potion of mutation]
  1115 | D        | Gained mutation: You have a pair of small horns on your head. [potion of mutation]
  1273 | D        | Reached skill level 10 in Hexes
  1286 | D        | Reached skill level 15 in Dodging
  1303 | D        | Noticed Roxanne
  1325 | D        | Noticed a deep troll
  1326 | D        | Noticed a deep troll
  1327 | D        | Killed a deep troll
  1328 | D        | Killed a deep troll
  1378 | D        | Killed a kraken
  1378 | D        | Reached skill level 17 in Stealth
  1378 | D        | Reached skill level 5 in Invocations
  1378 | D        | Reached XP level 11. HP: 53/58 MP: 14/29
  1394 | D        | Noticed a crystal guardian
  1395 | D        | Noticed a death drake
  1395 | D        | Killed a death drake
  1700 | D        | Killed a death drake
  1710 | D        | Killed a crystal guardian
  1710 | D        | Reached ***** piety under Dithmenos
  1927 | D        | Killed a deep elf master archer
  1927 | D        | Reached skill level 18 in Stealth
  2008 | D        | Noticed a sphinx
  2008 | D        | Noticed a sphinx
  2010 | D        | Killed a sphinx
  2011 | D        | Killed a sphinx
  2011 | D        | Reached skill level 19 in Stealth
  2011 | D        | Reached skill level 15 in Spellcasting
  2011 | D        | Reached XP level 12. HP: 64/64 MP: 26/32
  2178 | D        | Noticed a white draconian shifter
  2178 | D        | Noticed a hellephant
  2179 | D        | Noticed Sonja
  2180 | D        | Killed a hellephant
  2184 | D        | Killed Sonja
  2186 | D        | Killed a white draconian shifter
  2232 | D        | Noticed a deep elf blademaster
  2233 | D        | Killed a deep elf blademaster
  2233 | D        | Reached skill level 20 in Stealth
  2234 | D        | Reached ****** piety under Dithmenos
  2543 | D        | Reached skill level 15 in Short Blades
  2576 | D        | Bought a scroll of enchant armour for 75 gold pieces
  2576 | D        | Bought a scroll of enchant weapon for 75 gold pieces
  2576 | D        | Bought a scroll of fear for 35 gold pieces
  2576 | D        | Bought a scroll of identify for 20 gold pieces
  2581 | D        | Bought a scroll of identify for 20 gold pieces
  2581 | D        | Bought a scroll of identify for 20 gold pieces
  2581 | D        | Bought a scroll of remove curse for 30 gold pieces
  2600 | D        | Bought a scroll of identify for 20 gold pieces
  2600 | D        | Bought a scroll of identify for 20 gold pieces
  2663 | D        | Noticed an electric golem
  2675 | D        | Noticed a hell hog
  2675 | D        | Noticed a hell hog
  2675 | D        | Noticed a great orb of eyes
  2675 | D        | Noticed an iron elemental
  2683 | D        | Killed a hell hog
  2690 | D        | Killed a great orb of eyes
  2693 | D        | Killed a hell hog
  2701 | D        | HP: 3/65 [iron elemental/spray of metal splinters (26)]
  3064 | D        | Got a transparent golden amulet
  3070 | D        | Identified the amulet of Ofakauce {Inacc +Blink rN+} (You found it in the Dungeon)
  3115 | D        | Learned a level 6 spell: Iron Shot
  3326 | D        | Killed an iron elemental
  3326 | D        | Reached skill level 1 in Earth Magic
  3326 | D        | Reached XP level 13. HP: 69/69 MP: 34/34
  3379 | D        | Bought an uncursed ring of poison resistance for 280 gold pieces
  3613 | D        | Reached skill level 21 in Stealth
  3624 | D        | Noticed a dire elephant
  3625 | D        | Reached skill level 1 in Conjurations
  3630 | D        | Killed a dire elephant
  3662 | D        | Got a wavering jade ring
  3690 | D        | Got a bloodstained hand axe
  3693 | D        | Got a brightly glowing war axe
  3694 | D        | Identified the +6 hand axe "Ifogo" {drain, Int+6} (You found it in the Dungeon)
  3695 | D        | Identified the cursed +3 war axe of Infinity {elec, Str+3} (You found it in the Dungeon)
  3699 | D        | Got an ichor-stained short sword
  3700 | D        | Identified the cursed +2 short sword of Darkness {drain, *Slow +Blink Str+8} (You found it in the Dungeon)
  3707 | D        | Identified the ring "Bamoerch" {Fire *Slow Int+6 Dex+6} (You found it in the Dungeon)
  3792 | D        | Noticed Gastronok
  3794 | D        | Killed Gastronok
  3903 | D        | Found Heziulox's Book Shoppe.
  3904 | D        | Found Guakk's Book Boutique.
  3911 | D        | Found Neeshaer's Armour Emporium.
  3916 | D        | Found Nessaest's Food Shop.
  3917 | D        | Noticed Nessos
  3919 | D        | Killed Nessos
  3927 | D        | Bought a +0 buckler for 45 gold pieces
  4050 | D        | Killed Roxanne
  4050 | D        | Reached skill level 1 in Evocations
  4052 | D        | Identified Roxanne's Collected Works on Clay (You took it off Roxanne in the Dungeon)
  4195 | D        | Killed an electric golem
  4195 | D        | Reached skill level 5 in Earth Magic
  4196 | D        | Reached skill level 22 in Stealth
  4431 | D        | Gained mutation: Your movements are slightly less encumbered by armour. (ER -2) [evolution]
  4476 | D        | Gained mutation: You are clumsy. (Dex -2) [a shining eye]
  4476 | D        | Paralysed by a floating eye for 4 turns
  4478 | D        | Gained mutation: Your magical capacity is low. (-10% MP) [a shining eye]
  4482 | D        | Paralysed by a floating eye for 4 turns
  4485 | D        | Gained mutation: You occasionally shout uncontrollably at your foes. [a shining eye]
  4487 | D        | Paralysed by a floating eye for 2 turns
  4490 | D        | Gained mutation: You sometimes yell uncontrollably at your foes. [a shining eye]
  4490 | D        | Gained mutation: Your magical capacity is very low. (-20% MP) [a shining eye]
  4493 | D        | Paralysed by a floating eye for 4 turns
  4503 | D        | Paralysed by a floating eye for 3 turns
  4508 | D        | Reached skill level 5 in Conjurations
  4509 | D        | Paralysed by a floating eye for 3 turns
  4514 | D        | Paralysed by a floating eye for 4 turns
  4521 | D        | Paralysed by a floating eye for 2 turns
  4526 | D        | Paralysed by a floating eye for 2 turns
  4566 | D        | Identified the Papyrus of Shifting Augmentations
  4618 | D        | Noticed a quicksilver dragon
  4618 | D        | Noticed a quicksilver dragon
  4619 | D        | Noticed a lorocyproca
  4620 | D        | Killed a quicksilver dragon
  4620 | D        | Reached XP level 14. HP: 75/75 MP: 25/29
  4622 | D        | Killed a quicksilver dragon
  4622 | D        | Reached skill level 5 in Evocations
  4815 | D        | Noticed a quicksilver dragon
  4817 | D        | Killed a quicksilver dragon
  4817 | D        | Reached skill level 23 in Stealth
  4855 | D        | Noticed Murray
  4868 | D        | HP: 1/76 [freezing wraith[Murray] (25)]
  4883 | D        | Slain by a freezing wraith

Vault maps used:
D:        the_violet_keep_of_menkaure

Skill      XL: |  1  2  3  4  5  6  7  8  9 10 11 12 13 14 |
---------------+-------------------------------------------+-----
Fighting       | 1 2 3 4 5 6 7 8 9 |  9.8
Short Blades   | 3 4 6 7 8 9 10 12 13 15 16 17 | 17.1
Armour         | 1 2 3 4 5 6 7 8 9 |  9.2
Dodging        | 5 7 8 10 11 12 13 15 17 19 20 21 | 21.3
Stealth        | 7 8 9 11 12 13 15 17 19 20 22 23 | 23.0
Spellcasting   | 5 6 7 8 9 10 12 13 15 16 18 | 18.5
Hexes          | 4 5 6 7 8 9 10 11 12 13 14 | 14.2
Invocations    | 2 5 6 8 |  8.4
Earth Magic    | 1 6 7 |  7.3
Conjurations   | 5 6 |  6.0
Evocations     | 4 6 |  6.0

Action                   |  1- 3 |  4- 6 |  7- 9 | 10-12 | 13-15 || total
-------------------------+-------+-------+-------+-------+-------++-------
Melee: Dagger            |     6 |    28 |    49 |       |       ||    83
       Rapier            |       |       |    18 |    94 |     4 ||   116
       Headbutt          |       |       |       |    12 |    26 ||    38
       Short sword       |       |       |       |       |   101 ||   101
Throw: Throwing net      |       |       |       |     2 |       ||     2
 Cast: Corona            |     1 |       |       |       |       ||     1
       Ensorcelled Hiber |       |     3 |     4 |    24 |     4 ||    35
       Confuse           |       |       |    21 |    11 |       ||    32
       Dazzling Spray    |       |       |     5 |    27 |    37 ||    69
       Iron Shot         |       |       |       |       |     1 ||     1
Invok: Shadow Step       |       |       |       |     8 |    13 ||    21
 Abil: Evoke Blink       |       |       |       |       |     2 ||     2
  Use: Potion            |     1 |       |     4 |     5 |     8 ||    18
       Scroll            |       |       |       |    17 |     2 ||    19
 Stab: Sleeping          |       |     9 |     5 |    29 |    27 ||    70
       Confused          |       |       |    17 |     7 |       ||    24
       Invisible         |       |       |       |     7 |     4 ||    11
       Held in net/web   |       |       |       |     5 |       ||     5
  Eat: Royal jelly       |       |       |       |       |     2 ||     2
       Fruit             |       |       |       |       |     2 ||     2
Armor: Robe              |       |     1 |     1 |     5 |     5 ||    12
Dodge: Dodged            |     3 |     7 |    43 |    83 |    82 ||   218
